Map: Pillars of Gold LE

Players

ludomtb

  • Race: Protoss Protoss
  • League: Platinum
  • Spawn Location: 7:00

Massa - Winner!

  • Race: Terran Terran
  • League: Platinum
  • Spawn Location: 1:00

VOD

Have the link to the VOD?

Description

Time

  • Played on: Oct. 21, 2020, 3:36 p.m.
  • Length: 9:08
Show
View Real Time Build Order
Export as new Build Order

ludomtb Protoss 

Build Orders: Oracle Opening 

Get SALT Encoding   

  12  0:01  Probe (Chrono Boost)  
  13  0:11  Probe (Chrono Boost)  
  14  0:15  Probe (Chrono Boost)  
  15  0:25  Pylon  
  15  0:40  Assimilator  
  15  0:43  Probe  
  15  0:49  Gateway  
  16  0:55  Probe (Chrono Boost)  
  17  1:07  Probe (Chrono Boost)  
  17  1:10  Forge  
  18  1:15  Probe (Chrono Boost)  
  19  1:21  Probe  
  20  1:30  Pylon  
  20  1:33  Probe  
  20  1:39  Assimilator  
  21  1:47  Cybernetics Core  
  21  1:55  Probe  
  22  2:03  Pylon  
  22  2:07  Probe  
  23  2:24  Stalker (Chrono Boost)  
  23  2:29  Stargate  
  22  3:00  Stalker  
  24  3:13  Oracle  
  24  3:15  Probe (Chrono Boost)  
  28  3:25  Probe (Chrono Boost)  
  29  3:30  Probe (Chrono Boost), Stalker  
  32  3:41  Probe, Pylon  
  32  3:47  Pylon  
  33  3:52  Pylon  
  33  3:53  Probe  
  34  4:00  Stalker  
  36  4:05  Probe  
  36  4:07  Void Ray  
  41  4:17  Probe (Chrono Boost)  
  41  4:21  Protoss Shields Level 1  
  42  4:28  Probe (Chrono Boost)  
  42  4:30  Sentry  
  45  4:32  Probe (Chrono Boost)  
  46  4:44  Probe  
  47  4:51  Assimilator  
  47  4:56  Probe  
  48  5:04  Void Ray  
  48  5:08  Probe  
  53  5:20  Probe  
  54  5:26  Protoss Air Weapons Level 1  
  54  5:32  Probe  
  52  5:44  Probe  
  53  5:53  Twilight Council, Robotics Facility  
  53  6:10  Nexus  
  53  6:18  Void Ray  
  57  6:27  Photon Cannon  
  57  6:29  Photon Cannon  
  44  6:51  Observer  
  44  6:53  Photon Cannon  
  45  7:01  Probe (Chrono Boost)  
  46  7:11  Probe (Chrono Boost)  
  47  7:16  Probe (Chrono Boost)  
  47  7:20  Assimilator  
  48  7:24  Shield Battery  
  48  7:25  Probe (Chrono Boost)  
  50  7:30  Probe (Chrono Boost)  
  50  7:36  Probe (Chrono Boost)  
  51  7:39  Probe (Chrono Boost)  
  51  7:43  Probe (Chrono Boost)  
  53  7:44  Probe (Chrono Boost)  
  53  7:49  Robotics Bay  
  54  7:51  Probe  
  54  7:54  Probe  
  56  7:59  Dark Shrine  
  56  8:03  Probe  
  57  8:16  Probe  
  58  8:20  Probe  
  58  8:21  Void Ray  
  59  8:28  Probe  
  59  8:32  Probe  
  65  8:37  Gateway  
  65  8:44  Probe  
Show
View Real Time Build Order
Export as new Build Order

Massa Terran - Winner!

Build Orders:  

Get SALT Encoding   

  12  0:02  SCV  
  13  0:14  SCV  
  14  0:21  Supply Depot  
  14  0:26  SCV  
  15  0:43  SCV, Barracks  
  16  0:53  Refinery  
  16  0:55  SCV  
  17  0:57  Refinery  
  17  1:07  SCV  
  18  1:19  SCV  
  19  1:31  SCV  
  19  1:32  Reaper  
  20  1:43  Orbital Command  
  20  1:54  Factory  
  20  2:06  Marine  
  20  2:07  Supply Depot  
  21  2:10  SCV  
  22  2:22  SCV  
  23  2:35  SCV  
  23  2:36  Marine  
  25  2:42  Barracks  
  25  2:53  Marine  
  26  3:06  Widow Mine  
  26  3:09  Command Center  
  28  3:12  Barracks Tech Lab  
  28  3:20  Barracks, Engineering Bay  
  28  3:28  Widow Mine  
  28  3:33  Barracks Tech Lab  
  30  3:38  Starport  
  30  3:48  Supply Depot  
  30  3:53  Stimpack  
  30  4:04  Supply Depot  
  30  4:07  Marauder  
  31  4:10  Widow Mine  
  31  4:16  Missile Turret  
  33  4:18  Medivac  
  35  4:27  SCV x2  
  37  4:32  Barracks Reactor  
  37  4:39  SCV  
  37  4:41  Marine x2  
  37  4:44  Widow Mine  
  42  4:51  Orbital Command  
  42  4:52  SCV  
  43  4:57  Missile Turret  
  43  4:59  Marauder, Marine  
  46  5:06  Supply Depot  
  46  5:08  Missile Turret  
  46  5:10  Terran Infantry Weapons Level 1  
  46  5:11  Marine  
  46  5:13  Marine  
  48  5:19  Factory Tech Lab  
  48  5:21  SCV x2  
  48  5:33  SCV x2  
  50  5:44  Missile Turret  
  50  5:45  SCV  
  51  5:50  Armory  
  51  5:51  Marine  
  51  5:52  Marine x3  
  55  6:09  SCV, Marine  
  55  6:10  SCV, Marauder, Marine x2  
  62  6:18  Medivac  
  64  6:21  SCV  
  65  6:27  Marine x2  
  63  6:45  Refinery  
  63  6:47  Refinery  
  63  6:52  Thor  
  69  6:54  Marine  
  70  7:02  Supply Depot x2  
  70  7:04  Terran Infantry Armor Level 1  
  70  7:08  Command Center  
  70  7:23  SCV x2, Marine  
  70  7:26  Combat Shield, Supply Depot  
  73  7:32  Concussive Shells  
  73  7:35  SCV x2  
  75  7:39  Missile Turret  
  75  8:04  Marauder x2, Marine x2  
  81  8:08  Thor  
  87  8:15  Medivac  
  87  8:18  SCV x2  
  91  8:21  Marine  
  91  8:22  Marine  
  91  8:25  Marauder  
  95  8:30  SCV  
  95  8:31  SCV  
Tags
 
Add a new tag
Caveats
  • Supply blocks, unpowered buildings, or Contaminate may cause inaccurate times.
  • Supply counts are checked every 10 seconds.